 Dungeon Crawl Stone Soup version 0.16-a0-4092-gb8933cd (webtiles) character file.

68 Speissi the Covered (level 4, -2/29 HPs)
             Began as a Gargoyle Fighter on Feb 24, 2015.
             Was an Initiate of Makhleb.
             Killed from afar by an orc wizard (4 damage)
             ... with a magic dart
             ... on level 3 of the Dungeon.
             The game lasted 00:08:27 (1758 turns).

Speissi the Covered (Gargoyle Fighter)              Turns: 1758, Time: 00:08:28

Health: -2/29      AC: 13    Str: 21    XL:     4   Next: 19%
Magic:  13/13      EV:  5    Int:  8    God:    Makhleb [......]
Gold:   75         SH:  9    Dex:  9    Spells: 0 memorised, 3 levels left

rFire  . . .     SeeInvis .     a - +0 flail
rCold  . . .     Clarity  .     f - +0 chain mail
rNeg   + . .     SustAb   .     c - +0 shield
rPois  ∞         Gourm    .     (no helmet)
rElec  +         Spirit   .     (no cloak)
rCorr  .         Warding  .     (no gloves)
rMut   .         Stasis   .     (no boots)
MR     .....                    (no amulet)
Stlth  ..........               i - ring of flight
                                j - ring of magical power

@: not resistant to hostile enchantments, extremely unstealthy
A: negative energy resistance 1, electricity resistance, unbreathing,
petrification resistance, rot immunity, AC +3
a: Renounce Religion, Evoke Flight


You were on level 3 of the Dungeon.
You worshipped Makhleb.
Makhleb was noncommittal.
You were not hungry.

You visited 1 branch of the dungeon, and saw 3 of its levels.

You collected 75 gold pieces.

Inventory:

Hand weapons
 a - a +0 flail (weapon)
Armour
 c - a +0 shield (worn)
 f - a +0 chain mail (worn)
Jewellery
 g - an uncursed ring of poison resistance
 i - a ring of flight (right hand)
 j - a ring of magical power (left hand)
Scrolls
 b - 2 scrolls of enchant weapon {unknown}
 k - a scroll of teleportation {unknown}
 n - a scroll of blinking {unknown}
 o - a scroll of identify {unknown}
 p - a scroll of magic mapping {unknown}
Potions
 e - 2 potions of might
 h - a potion of haste {unknown}
 l - 2 potions of flight {unknown}
 m - a potion of curing {unknown}
Comestibles
 d - 3 bread rations


   Skills:
 + Level 3.9 Fighting
 + Level 2.2 Maces & Flails
 + Level 4.1 Armour
 + Level 0.7 Dodging
 + Level 3.8 Shields


You had 3 spell levels left.
You didn't know any spells.

Dungeon Overview and Level Annotations

Branches:
Dungeon (3/15)

Altars:
Makhleb


Innate Abilities, Weirdness & Mutations

You are resistant to torment.
You are immune to poison.
Your stone body is very resilient (AC +3).
You resist negative energy.
You are resistant to electric shocks.
You can survive without breathing.
You are immune to petrification.
You are immune to rotting.


Message History

Something hits you but does no damage.
You hear some strange, mumbled words.
The magic dart hits you!
The orc wizard gestures at you while chanting.
The puff of flame hits something.
Reactivating autopickup.
Something hits you but does no damage.
Deactivating autopickup; reactivate with Ctrl-A.
The orc wizard hits you but does no damage.
Things that are here:
a dagger; a robe; an orc corpse You barely miss the orc wizard.
The orc wizard is heavily wounded.
Something hits you but does no damage.
The orc wizard points at you and mumbles some strange words.
The magic dart hits you!
* * * LOW HITPOINT WARNING * * *
You hear some strange, mumbled words.
The magic dart hits you!
You die...

#.. .?. #.##...# #
#.#..... #.. #.#....
.... #.#.#.# #
#...#####.#.#.#.#
##.............#.#.#
.... #.[...o...$..#
#... #.####@#.#.###
.##.#..#.## #.....#
..........# ###.###
.##.##.##.# .#
##.##.##.# .#
.........#####.#
##..#.##.#.....#
#.....##...# ..
#..........# ##


You could see an orc wizard.

Vanquished Creatures
  3 adders
  A worm (D:3)
  An ooze (D:3)
  An orc (D:3)
  5 bats
  3 giant cockroaches
  5 goblins
  6 hobgoblins
  2 giant geckos
  A giant newt (D:1)
  3 kobolds
  4 rats
35 creatures vanquished.

Vanquished Creatures (others)
  An orc wizard (D:3)
1 creature vanquished.

Grand Total: 36 creatures vanquished

Notes
Turn   | Place    | Note
--------------------------------------------------------------
     0 | D:1      | Speissi, the Gargoyle Fighter, began the quest for the Orb.
     0 | D:1      | Reached XP level 1. HP: 14/14 MP: 1/1
   306 | D:1      | Reached XP level 2. HP: 19/19 MP: 2/2
   879 | D:2      | Reached XP level 3. HP: 20/23 MP: 3/3
   970 | D:2      | Found a burning altar of Makhleb.
   970 | D:2      | Noticed a green death
   973 | D:2      | Noticed a ynoxinul
   973 | D:2      | Noticed a smoke demon
   975 | D:2      | Became a worshipper of Makhleb the Destroyer
  1019 | D:2      | Reached skill level 4 in Armour
  1537 | D:3      | Reached XP level 4. HP: 29/29 MP: 4/4
  1758 | D:3      | Killed from afar by an orc wizard

Action                   |  1- 3 |  4- 6 || total
-------------------------+-------+-------++-------
Melee: Flail             |   108 |    30 ||   138
  Eat: Chunk             |     2 |     1 ||     3
